 Dungeon Crawl Stone Soup version 0.22-a0-565-gfc6459a (webtiles) character file.

40 royokou the Conjurer (level 3, 0/19 HPs)
             Began as a Deep Elf Conjurer on June 28, 2018.
             Succumbed to Terence's poison
             ... on level 2 of the Dungeon.
             The game lasted 00:03:10 (1033 turns).

royokou the Conjurer (Deep Elf Conjurer)            Turns: 1033, Time: 00:03:10

Health: 0/19       AC:  3    Str:  6    XL:     3   Next: 30%
Magic:  7/10       EV: 12    Int: 19    God:
Gold:   133        SH:  0    Dex: 15    Spells: 3/9 levels left

rFire    . . .     SeeInvis .   m - +1 dagger (venom)
rCold    . . .     Gourm    .   (no shield)
rNeg     . . .     Faith    .   b - +0 leather armour
rPois    .         Spirit   .   (no helmet)
rElec    .         Reflect  .   (no cloak)
rCorr    .         Harm     .   (no gloves)
MR       .....                  (no boots)
Stlth    ++........             (no amulet)
HPRegen  0.06/turn              (no ring)
MPRegen  0.12/turn              (no ring)

@: lethally poisoned (0 -> -15)
A: no striking features
a: no special abilities


You were on level 2 of the Dungeon.
You were not hungry.

You visited 1 branch of the dungeon, and saw 2 of its levels.

You collected 133 gold pieces.

Inventory:

Hand Weapons
 e - a +0 dagger
 m - a +1 dagger of venom (weapon)
Armour
 a - a +0 robe
 b - a +0 leather armour (worn)
Scrolls
 f - a scroll of teleportation {unknown}
 h - a scroll of identify {unknown}
 j - a scroll of magic mapping {unknown}
 n - a scroll of remove curse {unknown}
Potions
 d - a potion of resistance {unknown}
 g - a potion of brilliance {unknown}
 i - a potion of mutation {unknown}
 k - a potion of agility {unknown}
 l - a potion of heal wounds {unknown}
Comestibles
 c - 4 rations


   Skills:
 - Level 2.4 Dodging
 - Level 2.4 Stealth
 + Level 3.8 Spellcasting
 + Level 5.2 Conjurations


You had 3 spell levels left.
You knew the following spells:

 Your Spells              Type           Power        Failure   Level  Hunger
a - Magic Dart            Conj           ###.         2%          1    None
b - Searing Ray           Conj           ###...       3%          2    ##.....
c - Dazzling Spray        Conj/Hex       ##....       22%         3    ###....

Your spell library contained the following spells:

 Spells                   Type           Power        Failure   Level  Hunger
 Iskenderun's Mystic Bla  Conj           ###.....     26%         4    ####...
 Fulminant Prism          Conj/Hex       ##........   58%         4    ####...
 Force Lance              Conj/Tloc      ##......     58%         4    ####...


Dungeon Overview and Level Annotations

Branches:
Dungeon (2/15)

Altars:

Annotations:
D:2 Terence


Message History

Aiming: Magic Dart (safe; 2% risk of failure)
Press: ? - help, Shift-Dir - straight line, f - Terence
Aim: Terence, wielding a mace of venom and wearing a scale mail (resting)
The magic dart hits Terence.
Terence is lightly wounded.
Terence zaps a wand.
The puff of flame hits you!
Ouch! That really hurt!
It is a wand of flame (37).
Terence hits you with a mace of venom.
* * * LOW HITPOINT WARNING * * *
You are lethally poisoned!
Casting: Magic Dart (safe; 2% risk of failure)
Confirm with . or Enter, or press ? or * to list all spells.
Aiming: Searing Ray (safe; 3% risk of failure)
Press: ? - help, Shift-Dir - straight line, f/p - Terence
Aim: Terence, wielding a mace of venom, wearing a scale mail and carrying a wand of flame (37) (lightly wounded)
The searing ray hits Terence.
Terence is lightly wounded. (Press . to maintain the ray.)
You die...

.........#
..........#......
##.###.#.#
#..#...#..>.......
.......#.#
#..##.####.#......
##.#####.# #..##.#
#.#...... #.#
#.###
#..##.####.#......
#.# #...#
#..##........###.#
#.# ###.#
#..#######...# #.#
#.# #.#
#.@..........# #.#
#.# #.# #@#
####..## #.# #.#
#.#
#.########..####.#
##.# #.#
#...........##...#
...# #.#
#######.######...#
#### #.# #.# #...#
#.# #.# ##.## #.#
#.# #.# #.# #.#
#.# #.# #.# #.#


You could see Terence.

Vanquished Creatures
  An adder (D:2)
  A leopard gecko (D:2)
  A ball python (D:1)
  5 giant cockroaches
  3 goblins
  3 hobgoblins
  4 jackals (D:2)
  2 kobolds (D:1)
  4 bats
  2 rats (D:1)
26 creatures vanquished.

Notes
Turn   | Place    | Note
-------+----------+-------------------------------------------
     0 | D:1      | royokou the Deep Elf Conjurer began the quest for the Orb.
     0 | D:1      | Reached XP level 1. HP: 10/10 MP: 6/6
   166 | D:1      | Reached XP level 2. HP: 15/15 MP: 0/8
   697 | D:2      | Reached skill level 5 in Conjurations
   702 | D:2      | Learned a level 2 spell: Searing Ray
   793 | D:2      | Reached XP level 3. HP: 16/19 MP: 5/10
   955 | D:2      | Learned a level 3 spell: Dazzling Spray
  1030 | D:2      | Noticed Terence
  1033 | D:2      | Succumbed to Terence's poison

Vault maps used:
D:1:      nzn_arrival_crosshair
D:2:      uniq_terence

Skill      XL: |  1  2 |
---------------+-------+-----
Conjurations   | 5 |  5.2
Dodging        | |  2.4
Stealth        | |  2.4
Spellcasting   | |  3.8

Action                   || total
-------------------------++-------
Melee: Dagger            ||    12
 Cast: Magic Dart        ||    51
       Searing Ray       ||     3
Armor: Leather armour    ||     9
Dodge: Dodged            ||    12

Table legend:
 A = Spawn XP
 B = Non-spawn XP
 C = Spawn XP percentage of total XP
 D = Spawn monster count
 E = Non-spawn monster count
 F = Spawn count percentage of total count
 G = Total turns spent on level
                    A         B        C        D         E        F      G
               +---------+---------+-------+---------+---------+-------+---------
         Total |       0 |      58 |   0.0 |       0 |      26 |   0.0 |  1033
               +---------+---------+-------+---------+---------+-------+---------
           D:1 |       0 |      21 |   0.0 |       0 |      12 |   0.0 |   607
           D:2 |       0 |      37 |   0.0 |       0 |      14 |   0.0 |   426
               +---------+---------+-------+---------+---------+-------+---------
